 Dungeon Crawl Stone Soup version 0.21-a0-396-ga924934 (webtiles) character file.

180250 Kavrick the Imperceptible (level 17, 90/90 HPs)
             Began as a Spriggan Enchanter on Oct 19, 2017.
             Was an Initiate of Gozag.
             Got out of the dungeon
             ... with 1 rune!
             The game lasted 03:07:22 (47756 turns).

Kavrick the Imperceptible (Spriggan Enchanter)     Turns: 47756, Time: 03:07:23

Health: 90/90      AC: 16    Str:  4    XL:     17   Next: 31%
Magic:  30/30      EV: 31    Int: 21    God:    Gozag
Gold:   4670       SH: 15    Dex: 19    Spells: 4/32 levels left

rFire    + . .     SeeInvis +   a - +9 quick blade
rCold    + . .     Gourm    .   X - +2 buckler {AC+3}
rNeg     . . .     Faith    .   p - +2 robe {rC+ rF+}
rPois    +         Spirit   .   W - +3 hat "Ynakhloi" {Regen+}
rElec    .         Reflect  +   j - scarf {repulsion}
rCorr    .         Harm     .   (gloves unavailable)
MR       ++...                  (boots unavailable)
Stlth    ++++++++..             Y - +5 amulet of reflection
HPRegen  0.65/turn              x - +6 ring of protection
MPRegen  0.22/turn              w - ring of poison resistance

@: repel missiles, very quick
A: unfitting armour, see invisible, herbivore 3, speed 3, slow metabolism 2
}: 1/15 runes: serpentine
a: Potion Petition, Call Merchant, Bribe Branch, Renounce Religion


You escaped.
You worshipped Gozag.
Gozag was most pleased with you.
You were hungry.

You visited 6 branches of the dungeon, and saw 29 of its levels.
You also visited: Ossuary and Volcano.

You collected 11070 gold pieces.
You spent 4913 gold pieces at shops.
You paid 1487 gold pieces to Gozag.

Inventory:

Hand Weapons
 a - a +9 quick blade (weapon)
 b - the +8 rapier of Xeolaev {protect, rF++ rN+++ Dex-5}
   (You bought it in a shop on level 2 of the Orcish Mines)

   It protects the one who uses it against injury (+AC on strike).
   It affects your dexterity (-5).
   It greatly protects you from fire.
   It renders you almost immune to negative energy.
Missiles
 t - 3 throwing nets (quivered)
Armour
 j - a scarf of repulsion (worn)
 p - a +2 robe of resistance (worn)
 W - the +3 hat "Ynakhloi" (worn) {Regen+}
   (You acquired it on level 15 of the Dungeon)

   It increases your rate of regeneration.
 X - a +2 buckler of protection (worn)
Jewellery
 w - a ring of poison resistance (right hand)
 x - a +6 ring of protection (left hand)
 E - an uncursed ring of wizardry
 P - the ring "Tutzo" {Fire +Fly rElec MR- Dex+7}
   (You bought it in a shop on level 2 of the Snake Pit)

   [ring of fire]

   It enhances your fire magic.
   It affects your dexterity (+7).
   It protects you from fire.
   It makes you vulnerable to cold.
   It insulates you from electricity.
   It affects your resistance to hostile enchantments.
   It lets you fly.
 R - an uncursed ring of protection from fire
 U - the ring "Hoghakosy" {MR+ Stlth+}
   (You took it off a centaur on level 7 of the Dungeon)

   [ring of stealth]

   It affects your resistance to hostile enchantments.
   It makes you more stealthy.
 Y - a +5 amulet of reflection (around neck)
Wands
 g - a wand of iceblast (5/15)
 y - a wand of acid (7/15)
 A - a wand of digging (9/24)
 G - a wand of acid (8/15)
 T - a wand of digging (11/24)
Scrolls
 h - 9 scrolls of identify
 m - 5 scrolls of fog
 o - 13 scrolls of teleportation
 s - 2 scrolls of enchant weapon
 C - 15 scrolls of remove curse
 F - a scroll of blinking
 H - 4 scrolls of fear
 J - a scroll of magic mapping
 M - 2 scrolls of enchant armour
 O - a scroll of recharging
 S - 7 scrolls of amnesia
Potions
 c - a potion of magic
 e - 6 potions of heal wounds
 f - 2 potions of invisibility
 k - 5 potions of flight
 n - 5 potions of ambrosia
 q - 2 potions of mutation
 v - 4 potions of agility
 B - 3 potions of resistance
 I - 3 potions of haste
 K - 2 potions of brilliance
 L - 5 potions of might
 N - 10 potions of curing
Books
 d - a book of Enchantments

   Spells                             Type                      Level
   a - Cause Fear                     Hexes                        4
   b - Yara's Violent Unravelling     Hexes/Transmutation          5
   c - Silence                        Hexes/Air                    5
   d - Deflect Missiles               Charms/Air                   6
   e - Discord                        Hexes                        8
 i - a book of Burglary

   Spells                             Type                      Level
   a - Swiftness                      Charms/Air                   2
   b - Passwall                       Transmutation/Earth          2
   c - Passage of Golubria            Translocation                4
   d - Lee's Rapid Deconstruction     Earth                        5
   e - Darkness                       Hexes                        6
   f - Invisibility                   Hexes                        6
 l - a book of Power

   Spells                             Type                      Level
   a - Iskenderun's Battlesphere      Conjuration/Charms           5
   b - Venom Bolt                     Conjuration/Poison           5
   c - Bolt of Magma                  Conjuration/Fire/Earth       5
   d - Iron Shot                      Conjuration/Earth            6
   e - Orb of Destruction             Conjuration                  7
   f - Spellforged Servitor           Conjuration/Summoning        7
 r - a book of Debilitation

   Spells                             Type                      Level
   a - Corona                         Hexes                        1
   b - Slow                           Hexes                        2
   c - Inner Flame                    Hexes/Fire                   3
   d - Portal Projectile              Hexes/Translocation          3
   e - Cause Fear                     Hexes                        4
   f - Leda's Liquefaction            Hexes/Earth                  4
Miscellaneous
 V - 3 sacks of spiders
Comestibles
 u - 16 bread rations
 z - 8 fruits
 D - 14 royal jellies


   Skills:
 + Level 10.6 Fighting
 - Level 8.0 Short Blades
   Level 1.6 Staves
 - Level 14.0 Dodging
 + Level 21.4 Stealth
 + Level 6.3 Shields
 - Level 8.0 Spellcasting
 + Level 17.3 Hexes
 + Level 11.6 Charms
 - Level 4.4 Translocations
 + Level 4.0 Ice Magic
 + Level 7.5 Air Magic


You had 4 spell levels left.
You knew the following spells:

 Your Spells              Type           Power        Failure   Level  Hunger
a - Ensorcelled Hibernat  Hex/Ice        ######       1%          2    None
b - Confuse               Hex            ######..     1%          3    None
c - Dazzling Spray        Conj/Hex       #####.       1%          3    None
d - Blink                 Tloc           N/A          1%          2    None
f - Deflect Missiles      Chrm/Air       #####.....   24%         6    ######.
g - Cause Fear            Hex            ######....   1%          4    ###....
h - Discord               Hex            ######....   38%         8    #######


Dungeon Overview and Level Annotations

Branches:
Dungeon (15/15)            Temple (1/1) D:5            Lair (6/6) D:8
 Shoals (1/4) Lair:4        Snake (4/4) Lair:2        Slime (0/5) Lair:5
    Orc (2/2) D:9             Elf (0/3) Orc:2        Vaults (0/5) D:14
 Depths (0/5) D:15

Altars:
Ashenzari
Cheibriados
Dithmenos
Elyvilon
Fedhas
Gozag
Hepliaklqana
Kikubaaqudgha
Makhleb
Nemelex Xobeh
Okawaru
Qazlal
Ru
Sif Muna
Trog
Uskayaw
Vehumet
Wu Jian
Xom
Yredelemnul
Zin
The Shining One
Beogh
Jiyva

Shops:
D:5 (   D:10 :   D:15 (   Orc:1 *   Orc:2 *(!}[   Snake:1 (   Snake:2 =
Snake:3 =

Annotations:
Snake:4 3 exclusions, Vashnia


Innate Abilities, Weirdness & Mutations

You are very small and have problems with some larger weapons.
You are too small for most types of armour.
You have supernaturally acute eyesight. (SInv)
You are a herbivore.
You cover ground extremely quickly.
You need consume almost no food.


Message History

Where to? (Enter - D:1, ? - help)
There is a stone staircase leading up here.
You climb upwards.
There is a stone staircase leading down here.
There is a stone staircase leading up here.
You climb upwards.
There is a stone staircase leading down here.
There is a stone staircase leading up here.
You climb upwards.
There is a stone staircase leading down here.
(D) Dungeon (T) Temple (L) Lair (A) Shoals (P) Snake Pit (M) Slime Pits (O) Orcish Mines (E) Elven Halls (V) Vaults (U) Depths
Where to? (Enter - D:1 @ (x,y), ? - help)
Okay, then.
There is an escape hatch in the floor here.
There is a staircase leading out of the dungeon here.
You can't go down here!
Are you sure you want to leave the Dungeon?
This will make you lose the game!
You have escaped!

#....##.....#.#...####.....#.####
#....#.......%.(.................
#....#......##################.##
#....#......#....................
#....##.....#....................
#....####.#.#...##...####...#####
#....####.#g#...##...# #...# #
#...........#........####...# #
#############...@..>........#####
#....................
#...#######.......... #...#
#...#####.. #...# #...# #.. #...#
#...# #.. #...#######...#####..
#....................
#....................


There were no monsters in sight!

Vanquished Creatures
  Saint Roka (Orc:2)
  Rupert (Orc:2)
  The ghost of Hasart the Crack Shot, an adept CeAM of Okawaru (Snake:4)
  10 nagarajas
  Aizul (Snake:2)
  Nessos (D:14)
  A rakshasa (D:14)
  10 naga warriors
  Erolcha (Orc:2)
  5 hydras
  2 catoblepae
  4 vault guards (D:14)
  5 centaur warriors
  The ghost of deedy the Basher, a journeyman GrGl of Makhleb (Volcano)
  A merfolk avatar (Shoals:1)
  2 ogre magi (Orc:2)
  9 anacondas
  5 two-headed ogres
  4 death yaks (Lair:6)
  13 naga sharpshooters
  A tengu warrior (D:15)
  Urug (Lair:5)
  4 shock serpents
  2 salamander mystics
  A spark wasp zombie (D:15)
  6 unseen horrors
  A flayed ghost (D:15)
  4 skeletal warriors
  5 naga ritualists
  A wizard (D:15)
  A deep elf archer (D:14)
  An anaconda skeleton (Volcano)
  The ghost of Kwerbleburb the Basher, a novice MiBe of Trog (D:5)
  A necromancer (D:15)
  Pikel (D:8)
  An orc knight (D:14)
  2 deep elf magi
  11 mana vipers
  A stone giant zombie (D:15)
  8 orc sorcerers
  A fire giant zombie (D:15)
  3 manticores
  5 ugly things (D:14)
  A cyclops (D:14)
  15 naga magi
  6 salamanders
  9 elephants
  3 centaur zombies
  31 black mambas
  A merfolk siren (Shoals:1)
  6 spiny frogs
  A guardian serpent (Snake:3)
  7 gargoyles
  3 rime drakes
  6 komodo dragons
  A yaktaur zombie (D:15)
  A kobold demonologist (D:13)
  A yaktaur (D:14)
  A tengu conjurer (D:14)
  A polar bear (shapeshifter) (D:15)
  7 polar bears
  3 trolls
  8 hornets
  A wind drake (Shoals:1)
  A hornet (shapeshifter) (D:14)
  8 hippogriffs
  14 slime creatures
  2 harpy skeletons (Volcano)
  16 blink frogs
  3 flying skulls (Volcano)
  A dream sheep (Lair:6)
  3 snapping turtles (Shoals:1)
  2 shadows
  14 spriggans
  2 alligator skeletons (Volcano)
  2 vampires
  4 wyverns
  7 basilisks
  24 yaks
  A steam dragon (D:15)
  3 wraiths
  5 hungry ghosts
  Menkaure (D:6)
  2 vampire mosquitoes (D:12)
  Grum (D:8)
  Edmund (D:4)
  52 nagas
  2 hell hounds (D:8)
  3 wargs
  Duvessa (D:6)
  7 porcupines
  4 water moccasins
  A hornet zombie (D:7)
  3 slaves
  5 sky beasts
  A necrophage (D:7)
  13 orc warriors
  3 black bears
  3 ice beasts
  4 phantoms
  10 ogres
  6 boggarts
  25 wolves
  11 crocodiles
  12 centaurs
  A big kobold (D:9)
  2 elf zombies (Ossuary)
  22 bullfrogs
  A gnoll sergeant (D:5)
  A wyvern zombie (D:11)
  Dowan (D:6)
  5 scorpions
  2 spriggan skeletons (Volcano)
  21 killer bees
  13 wights
  6 howler monkeys
  3 troll skeletons (Volcano)
  3 electric eels
  A bullfrog zombie (D:10)
  5 crimson imps
  4 jellies
  4 centaur skeletons
  5 hounds
  A quasit (D:6)
  Crazy Yiuf (D:2)
  8 orc priests
  5 bullfrog skeletons
  Ijyb (D:3)
  5 hell rats (Lair:3)
  9 iguanas
  29 orc wizards
  12 worker ants
  A big kobold zombie (Ossuary)
  A naga skeleton (Volcano)
  2 hound zombies (Ossuary)
  4 mummies
  2 worker ant zombies
  16 gnolls
  18 adders
  4 shadow imps
  An ooze (D:3)
  An adder skeleton (D:7)
  3 adder zombies
  3 worms
  7 leopard geckos
  50 orcs
  7 giant cockroaches
  6 goblins
  4 hobgoblins
  4 jackals (D:2)
  2 quokkas
  9 bats
  6 frilled lizards
  A giant cockroach zombie (D:5)
  A goblin skeleton (D:6)
  4 goblin zombies (Ossuary)
  10 hobgoblin zombies
  A jackal skeleton (D:4)
  5 jackal zombies
  13 kobolds
  A kobold skeleton (D:6)
  A kobold zombie (Ossuary)
  2 orc zombies (Ossuary)
  4 quokka zombies (Ossuary)
  5 rats
  5 rat zombies (Ossuary)
  2 fungi
914 creatures vanquished.

Vanquished Creatures (collateral kills)
  A big kobold (D:7)
  3 orcs (D:10)
4 creatures vanquished.

Vanquished Creatures (others)
  21 fungi (Lair:6)
  6 plants (Lair:6)
  2 withered plants (D:15)
29 creatures vanquished.

Grand Total: 947 creatures vanquished

Notes
Turn   | Place    | Note
-------+----------+-------------------------------------------
     0 | D:1      | Kavrick the Spriggan Enchanter began the quest for the Orb.
     0 | D:1      | Reached XP level 1. HP: 9/9 MP: 5/5
   380 | D:1      | Reached XP level 2. HP: 11/13 MP: 6/6
   417 | D:1      | Learned a level 2 spell: Ensorcelled Hibernation
   806 | D:1      | Reached skill level 5 in Stealth
  1630 | D:2      | Reached XP level 3. HP: 12/16 MP: 8/8
  2464 | D:2      | Reached XP level 4. HP: 11/21 MP: 0/9
  2741 | D:2      | Found a runed door.
  3089 | D:2      | Noticed Crazy Yiuf
  3093 | D:2      | Killed Crazy Yiuf
  3198 | D:3      | Found a hide-covered altar of Uskayaw.
  3200 | D:3      | Noticed a hand axe
  3201 | D:3      | Noticed a dagger
  3477 | D:2      | Learned a level 3 spell: Confuse
  3528 | D:3      | Reached skill level 1 in Ice Magic
  3608 | D:3      | Reached skill level 6 in Stealth
  3608 | D:3      | Reached XP level 5. HP: 17/24 MP: 0/11
  3694 | D:3      | Noticed Ijyb
  3700 | D:3      | Killed Ijyb
  3700 | D:3      | Reached skill level 5 in Hexes
  4324 | D:4      | Reached XP level 6. HP: 23/28 MP: 1/12
  4425 | D:4      | Found a deep blue altar of Sif Muna.
  4561 | D:4      | Noticed Edmund
  4573 | D:4      | Killed Edmund
  4573 | D:4      | Reached skill level 7 in Stealth
  4891 | D:5      | Entered Level 5 of the Dungeon
  5097 | D:5      | Found a staircase to the Ecumenical Temple.
  5399 | D:5      | Reached XP level 7. HP: 29/32 MP: 1/14
  5525 | Temple   | Entered the Ecumenical Temple
  5576 | Temple   | Became a worshipper of Gozag Ym Sagoz the Greedy
  5712 | D:5      | Reached skill level 8 in Stealth
  6751 | D:5      | Noticed Kwerbleburb's ghost (novice MiBe)
  6844 | D:5      | Reached XP level 8. HP: 36/36 MP: 11/16
  6936 | D:5      | Killed Kwerbleburb's ghost
  6936 | D:5      | Reached skill level 9 in Stealth
  6936 | D:5      | Reached skill level 5 in Spellcasting
  7195 | D:5      | Found Ulejejokk's Weapon Shoppe.
  7567 | D:6      | Found a glowing golden altar of the Shining One.
  7590 | D:6      | Reached skill level 10 in Stealth
  7679 | D:6      | Noticed Dowan
  7682 | D:6      | Noticed Duvessa
  7696 | D:6      | Killed Duvessa
  7718 | D:6      | Killed Dowan
  8116 | D:6      | Reached XP level 9. HP: 39/39 MP: 15/18
  8225 | D:6      | Found an ornate altar of the Wu Jian Council.
  8227 | D:6      | Noticed Menkaure
  8234 | D:6      | Killed Menkaure
  8234 | D:6      | Reached skill level 5 in Short Blades
  8396 | D:6      | Found a sand-covered staircase.
  8409 | Ossuary  | Entered an ossuary
  9027 | Ossuary  | Reached skill level 11 in Stealth
  9490 | D:5      | Bought a +5 quick blade for 588 gold pieces
  9694 | D:6      | Learned a level 3 spell: Tukima's Dance
  9697 | D:6      | Learned a level 2 spell: Blink
  9785 | D:6      | Reached skill level 1 in Translocations
 10242 | D:7      | Found a runed door.
 10709 | D:7      | Found a runed door.
 10765 | D:7      | Reached skill level 12 in Stealth
 11429 | D:7      | Got a shimmering steel ring
 11486 | D:7      | Reached XP level 10. HP: 44/44 MP: 18/21
 11535 | D:7      | Found a runed door.
 11908 | D:7      | Reached skill level 10 in Hexes
 12024 | D:8      | Identified the ring "Hoghakosy" {MR+ Stlth+} (You took it off a centaur on level 7 of the Dungeon)
 12097 | D:8      | Noticed a two-headed ogre
 12146 | D:8      | Killed a two-headed ogre
 12146 | D:8      | Reached skill level 13 in Stealth
 12235 | D:8      | Found a staircase to the Lair.
 12310 | D:8      | Noticed Grum
 12322 | D:8      | Killed Grum
 12351 | D:8      | Noticed Pikel
 13184 | D:8      | Killed Pikel
 13184 | D:8      | Reached skill level 1 in Fighting
 13687 | Lair:1   | Entered Level 1 of the Lair of Beasts
 13827 | Lair:1   | Learned a level 3 spell: Dazzling Spray
 13977 | Lair:1   | Reached skill level 14 in Stealth
 13986 | Lair:1   | Reached XP level 11. HP: 50/50 MP: 18/24
 14639 | Lair:2   | Found a staircase to the Snake Pit.
 14770 | Lair:2   | Reached skill level 5 in Dodging
 15483 | Lair:3   | Noticed a seven-headed hydra
 15987 | Lair:3   | Killed a seven-headed hydra
 16262 | Lair:3   | Reached skill level 15 in Stealth
 17210 | Lair:4   | Found a staircase to the Shoals.
 17224 | Lair:4   | Reached XP level 12. HP: 58/58 MP: 25/25
 17744 | Lair:4   | Got a fabulously ornate robe
 17755 | Lair:4   | Identified the +2 robe of Lifelessness {Dex+3} (You found it on level 4 of the Lair of Beasts)
 18060 | Lair:4   | Noticed a catoblepas
 18097 | Lair:4   | Killed a catoblepas
 18097 | Lair:4   | Reached skill level 5 in Fighting
 18408 | Lair:5   | Reached skill level 16 in Stealth
 18799 | Lair:5   | Found a staircase to the Slime Pits.
 18824 | Lair:5   | Found a viscous altar of Jiyva.
 18976 | Lair:5   | Noticed Urug
 18985 | Lair:5   | Killed Urug
 19430 | Lair:6   | Entered Level 6 of the Lair of Beasts
 19610 | Lair:6   | Noticed a catoblepas
 19614 | Lair:6   | Reached skill level 10 in Dodging
 19619 | Lair:6   | Killed a catoblepas
 19817 | Lair:6   | Noticed a death yak
 20017 | Lair:6   | Reached XP level 13. HP: 56/65 MP: 11/26
 20053 | Lair:6   | Reached skill level 17 in Stealth
 21408 | Lair:6   | Found the +2 Maxwell's thermic engine {flame, freeze, rF- rC-}
 22024 | Lair:6   | Identified a scroll of acquirement
 22027 | Lair:6   | Got a brightly glowing hat
 22033 | Lair:6   | Identified the +0 hat "Pikisair" {rF+ Str-4 Int+3} (You acquired it on level 6 of the Lair of Beasts)
 22033 | Lair:6   | Lost strength.
 23412 | Lair:6   | Reached skill level 18 in Stealth
 24149 | D:9      | Found a staircase to the Orcish Mines.
 24748 | D:9      | Found a hazy altar of Hepliaklqana.
 24748 | D:9      | Found an iron altar of Okawaru.
 24789 | D:10     | Entered Level 10 of the Dungeon
 24934 | D:10     | Found Xesao's Book Shoppe.
 25744 | D:10     | Reached XP level 14. HP: 72/72 MP: 27/27
 26537 | D:11     | Reached skill level 15 in Hexes
 28097 | Lair:6   | Learned a level 6 spell: Deflect Missiles
 28269 | Orc:1    | Entered Level 1 of the Orcish Mines
 28331 | Orc:1    | Found a dark tunnel.
 28338 | Volcano  | Entered a volcano
 28338 | Volcano  | Noticed deedy's ghost (journeyman GrGl)
 28348 | Volcano  | Killed deedy's ghost
 28362 | Volcano  | Reached skill level 1 in Charms
 28785 | Volcano  | Reached skill level 1 in Air Magic
 28786 | Volcano  | Reached skill level 1 in Shields
 29314 | Orc:1    | Found Pumiep's Assorted Antiques.
 29352 | Orc:1    | Bought a faintly humming buckler for 304 gold pieces
 29352 | Orc:1    | Bought a glowing buckler for 240 gold pieces
 29371 | Orc:1    | Identified the +0 buckler "Zist" {Str+5 Dex+2} (You bought it in a shop on level 1 of the Orcish Mines)
 29470 | Orc:2    | Entered Level 2 of the Orcish Mines
 29543 | Orc:2    | Found Tamanul's General Store.
 29555 | Orc:2    | Bought a scroll of blinking for 97 gold pieces
 29629 | Orc:2    | Found a staircase to the Elven Halls.
 29645 | Orc:2    | Noticed Rupert
 29763 | Orc:2    | Killed Rupert
 29763 | Orc:2    | Reached skill level 19 in Stealth
 30256 | Orc:2    | Noticed Saint Roka
 30798 | Orc:2    | Killed Saint Roka
 30798 | Orc:2    | Reached skill level 1 in Staves
 31027 | Orc:2    | Found Wuuf's Distillery.
 31094 | Orc:2    | Found Qionnes's Antique Armour Emporium.
 31143 | Orc:2    | Noticed Erolcha
 31169 | Orc:2    | Found a radiant altar of Vehumet.
 31196 | Orc:2    | Killed Erolcha
 31226 | Orc:2    | Found a roughly hewn altar of Beogh.
 31226 | Orc:2    | Found Feorrem's Antique Weapon Emporium.
 31402 | Orc:2    | Found an ancient bone altar of Kikubaaqudgha.
 31484 | Orc:2    | Found Qyemin's Gadget Emporium.
 31523 | Orc:2    | Bought a dazzling rapier for 252 gold pieces
 31523 | Orc:2    | Identified the +8 rapier of Xeolaev {protect, rF++ rN+++ Dex-5} (You bought it in a shop on level 2 of the Orcish Mines)
 31595 | Orc:2    | Bought a potion of curing for 48 gold pieces
 31595 | Orc:2    | Bought 2 potions of curing for 96 gold pieces
 31595 | Orc:2    | Bought a potion of agility for 64 gold pieces
 31595 | Orc:2    | Bought a potion of haste for 160 gold pieces
 32264 | D:13     | Reached skill level 5 in Charms
 32376 | D:13     | Reached XP level 15. HP: 78/78 MP: 18/28
 33441 | D:14     | Noticed Nessos
 33448 | D:14     | Killed Nessos
 33618 | D:14     | Found a snail-covered altar of Cheibriados.
 34256 | D:14     | Found a gate to the Vaults.
 34337 | D:15     | Entered Level 15 of the Dungeon
 34418 | D:15     | Got a brightly glowing hat
 34424 | D:15     | Identified the +3 hat "Ynakhloi" {Regen+} (You acquired it on level 15 of the Dungeon)
 34671 | D:15     | Found Tootudiu's Antique Weapon Boutique.
 34831 | D:15     | Found a staircase to the Depths.
 35068 | D:15     | Reached skill level 20 in Stealth
 36306 | Snake:1  | Entered Level 1 of the Snake Pit
 37064 | Snake:1  | Reached skill level 5 in Air Magic
 37914 | Snake:1  | Reached XP level 16. HP: 84/84 MP: 22/29
 38146 | Snake:1  | Learned a level 4 spell: Cause Fear
 38170 | Snake:1  | Learned a level 8 spell: Discord
 39265 | Snake:2  | Noticed Aizul
 39433 | Snake:2  | Killed Aizul
 39433 | Snake:2  | Reached skill level 5 in Shields
 40876 | Snake:2  | Bought an uncursed ring of poison resistance for 360 gold pieces
 40880 | Snake:2  | Bought the ring "Tutzo" {Fire +Fly rElec MR- Dex+7} for 928 gold pieces
 40894 | Snake:3  | Reached skill level 10 in Fighting
 41117 | Snake:3  | Found Ditteny's Jewellery Boutique.
 41141 | Snake:3  | Bought a +5 amulet of reflection for 576 gold pieces
 41663 | Snake:2  | Reached skill level 10 in Charms
 42550 | Snake:4  | Entered Level 4 of the Snake Pit
 43359 | Snake:4  | Reached skill level 21 in Stealth
 43617 | Snake:4  | Noticed Vashnia
 44468 | Snake:4  | Reached XP level 17. HP: 90/90 MP: 22/30
 44937 | Snake:4  | Noticed Hasart's ghost (adept CeAM)
 45653 | Snake:4  | Killed Hasart's ghost
 46472 | Snake:4  | Got a serpentine rune of Zot
 46883 | D:10     | Bought a book of Burglary for 1200 gold pieces
 46899 | D:10     | Upgraded the game from 0.21-a0-394-gdc75ea7 to 0.21-a0-396-ga924934
 47059 | Shoals:1 | Entered Level 1 of the Shoals
 47109 | Shoals:1 | HP: 1/90 [drowned by a drowned soul[a merfolk avatar] (11)]
 47756 | D:$      | Got out of the dungeon!

Vault maps used:
D:1:      dpeg_arrival_boxorama
D:2:      uniq_crazy_yiuf_cottage
D:3:      dancing_weapons_uskayaw, uniq_ijyb
D:4:      lemuel_doored_altar, first_bread, minmay_misc_feat_secret_circle,
          serial_bayou_ford_a, minmay_gold_behind_fungi, grunt_decor_one_mirror,
          dk_vineyard_1, kennysheep_generic_room_6, uniq_edmund
D:5:      minmay_temple_entry_large_hall, serial_shops,
          nicolae_shop_behind_doors
D:6:      lemuel_crystal_altar, nicolae_tso_besieged_by_evil,
          gup_ossuary_entry_pyramid, uniq_duvessa, uniq_menkaure
D:7:      minmay_the_grid_triangle_9x9_recursive_2
D:8:      minmay_lair_entry_lava, uniq_pikel, uniq_grum
D:9:      gammafunk_temple_overflow_statue, orc_0_dummy
D:10:     serial_shops, nicolae_shop_trees, the_bakery
D:13:     kennysheep_generic_room_4
D:14:     minmay_weird_star, grunt_vaults_entry_fortified,
          minmay_stone_trees_small, basic_altar, uniq_nessos
D:15:     gammafunk_depths_entry_grave, minivault_19, serial_shops,
          nicolae_shop_overgrown_old_shop
Temple:   nicolae_temple_x_marks_the_god
Lair:2:   dummy_snake_entry, gammafunk_lair_bear_cave, grunt_megastairs_5
Lair:3:   grunt_megastairs_1, serial_bayou_shore_a
Lair:4:   minmay_shoals_entry_centaurs, serial_bayou_shore_b
Lair:5:   slime_altar_1, st_stairs_9, uniq_urug
Lair:6:   minmay_lair_end_enchanted_forest
Shoals:1: nicolae_shoals_mertower, uniq_louise
Snake:2:  grunt_megastairs_3, uniq_aizul
Snake:3:  serial_shops, shop
Snake:4:  minmay_snake_end_coiled, nrook_loot_triangle, uniq_vashnia
Orc:1:    enter_volcano_4, serial_shops, nicolae_shop_behind_doors
Orc:2:    kennysheep_orc_mage_school, serial_shops, shop, uniq_saint_roka,
          uniq_rupert
Ossuary:  minmay_ossuary_two_tombs
Volcano:  volcano_tomb

Skill      XL: |  1  2  3  4  5  6  7  8  9 10 11 12 13 14 15 16 17 |
---------------+----------------------------------------------------+-----
Hexes          | 4 5 6 7 8 9 11 12 13 14 15 16 17 | 17.3
Stealth        | 5 6 7 8 10 12 14 15 16 18 19 20 21 | 21.4
Spellcasting   | 3 4 5 7 8 |  8.0
Short Blades   | 2 3 4 6 7 8 |  8.0
Ice Magic      | 1 2 3 4 |  4.0
Translocations | 3 4 |  4.4
Fighting       | 1 4 6 7 8 9 10 | 10.6
Dodging        | 7 10 12 14 | 14.0
Charms         | 5 8 11 | 11.6
Air Magic      | 2 5 7 |  7.5
Shields        | 2 4 5 6 |  6.3
Staves         | 1 |  1.6

Action                   |  1- 3 |  4- 6 |  7- 9 | 10-12 | 13-15 | 16-18 || total
-------------------------+-------+-------+-------+-------+-------+-------++-------
Melee: Dagger            |   132 |   129 |   374 |       |       |       ||   635
       Quick blade       |       |       |    84 |   332 |  1469 |   507 ||  2392
       Rapier            |       |       |       |       |       |    90 ||    90
Throw: Tomahawk          |       |       |       |     2 |     5 |       ||     7
       Stone             |       |       |       |       |     2 |       ||     2
 Cast: Ensorcelled Hiber |    29 |    14 |    40 |   164 |   285 |   142 ||   674
       Confuse           |       |     7 |    40 |    40 |   138 |    96 ||   321
       Tukima's Dance    |       |       |     2 |     1 |    14 |       ||    17
       Blink             |       |       |       |     3 |     4 |     2 ||     9
       Dazzling Spray    |       |       |       |       |    45 |    70 ||   115
Invok: Call Merchant     |       |       |       |       |     1 |     1 ||     2
       Potion Petition   |       |       |       |       |       |     1 ||     1
  Use: Scroll            |       |       |       |    26 |    10 |     3 ||    39
       Potion            |       |       |       |     1 |       |       ||     1
 Stab: Sleeping          |    23 |    24 |    53 |   127 |   216 |    76 ||   519
       Confused          |       |     2 |    28 |    31 |    89 |    46 ||   196
       Distracted        |       |     1 |     2 |     5 |    19 |    11 ||    38
       Held in net/web   |       |       |     1 |       |       |       ||     1
       Invisible         |       |       |       |       |    15 |    19 ||    34
  Eat: Bread ration      |       |     1 |     1 |     1 |       |       ||     3
       Fruit             |       |       |     2 |     2 |    14 |    10 ||    28
Armor: Robe              |    17 |     9 |    21 |    20 |    39 |    33 ||   139
Dodge: Dodged            |   122 |    43 |   155 |   153 |   534 |   305 ||  1312
       Deflected         |       |       |     9 |     2 |    13 |    26 ||    50
Block: Buckler           |       |       |       |       |   142 |   202 ||   344
       Reflection        |       |       |       |       |       |    26 ||    26

Table legend:
 A = Spawn XP
 B = Non-spawn XP
 C = Spawn XP percentage of total XP
 D = Spawn monster count
 E = Non-spawn monster count
 F = Spawn count percentage of total count
 G = Total turns spent on level
                    A         B        C        D         E        F      G
               +---------+---------+-------+---------+---------+-------+---------
         Total |       0 |  238929 |   0.0 |       0 |     913 |   0.0 | 47756
               +---------+---------+-------+---------+---------+-------+---------
           D:1 |       0 |      32 |   0.0 |       0 |      20 |   0.0 |  1412
           D:2 |       0 |     110 |   0.0 |       0 |      25 |   0.0 |  1959
           D:3 |       0 |     114 |   0.0 |       0 |      14 |   0.0 |   706
           D:4 |       0 |     353 |   0.0 |       0 |      10 |   0.0 |  1255
           D:5 |       0 |    1493 |   0.0 |       0 |      31 |   0.0 |  2282
           D:6 |       0 |    1206 |   0.0 |       0 |      26 |   0.0 |  1389
           D:7 |       0 |    3336 |   0.0 |       0 |      42 |   0.0 |  2530
           D:8 |       0 |    2705 |   0.0 |       0 |      18 |   0.0 |  1658
           D:9 |       0 |    1884 |   0.0 |       0 |      22 |   0.0 |  1044
          D:10 |       0 |    5382 |   0.0 |       0 |      50 |   0.0 |  1149
          D:11 |       0 |    3969 |   0.0 |       0 |      31 |   0.0 |  1060
          D:12 |       0 |    5515 |   0.0 |       0 |      29 |   0.0 |  1139
          D:13 |       0 |    9759 |   0.0 |       0 |      39 |   0.0 |  1195
          D:14 |       0 |   15010 |   0.0 |       0 |      29 |   0.0 |  1259
          D:15 |       0 |   16153 |   0.0 |       0 |      37 |   0.0 |  1486
        Lair:1 |       0 |    3583 |   0.0 |       0 |      18 |   0.0 |  1076
        Lair:2 |       0 |    2773 |   0.0 |       0 |      13 |   0.0 |  1151
        Lair:3 |       0 |    5319 |   0.0 |       0 |      26 |   0.0 |  1682
        Lair:4 |       0 |    5817 |   0.0 |       0 |      22 |   0.0 |  1610
        Lair:5 |       0 |    4420 |   0.0 |       0 |      18 |   0.0 |  1083
        Lair:6 |       0 |   25854 |   0.0 |       0 |      86 |   0.0 |  4418
      Shoals:1 |       0 |    2397 |   0.0 |       0 |       6 |   0.0 |   187
       Snake:1 |       0 |   14707 |   0.0 |       0 |      26 |   0.0 |  2247
       Snake:2 |       0 |   24996 |   0.0 |       0 |      43 |   0.0 |  2584
       Snake:3 |       0 |   12373 |   0.0 |       0 |      25 |   0.0 |  1743
       Snake:4 |       0 |   44142 |   0.0 |       0 |      71 |   0.0 |  3770
         Orc:1 |       0 |     450 |   0.0 |       0 |       7 |   0.0 |   382
         Orc:2 |       0 |   17995 |   0.0 |       0 |      71 |   0.0 |  2399
       Ossuary |       0 |     349 |   0.0 |       0 |      36 |   0.0 |  1018
       Volcano |       0 |    6733 |   0.0 |       0 |      22 |   0.0 |   826
               +---------+---------+-------+---------+---------+-------+---------
